 Dungeon Crawl Stone Soup version 0.20-a0-823-gdec668e (webtiles) character file.

16548 AlphabetPasta the Cleaver (level 12, -4/92 HPs)
             Began as a Human Abyssal Knight on Mar 5, 2017.
             Was a High Priest of Lugonu.
             Slain by Snorg (14 damage)
             ... on level 11 of the Dungeon.
             The game lasted 01:23:23 (16125 turns).

AlphabetPasta the Cleaver (Human Abyssal Knight)   Turns: 16125, Time: 01:23:23

Health: -4/92      AC: 14    Str: 22    XL:     12   Next: 71%
Magic:  0/18       EV: 12    Int: 12    God:    Lugonu [*****.]
Gold:   289        SH:  0    Dex: 17    Spells: 11/11 levels left

rFire    . . .     SeeInvis .   a - +3 war axe (freeze)
rCold    . . .     Gourm    .   i - +0 chain mail
rNeg     . . .     Faith    .   (no shield)
rPois    .         Spirit   +   v - +1 helmet
rElec    .         Reflect  .   s - scarf {Spirit}
rCorr    .         Harm     .   o - +0 pair of gloves
MR       .....                  (no boots)
Stlth    ..........             (no amulet)
Regen    0.3/turn               x - +5 ring of strength
MPRegen  0.2/turn               C - +3 ring of dexterity

@: about to teleport
A: no striking features
a: Depart the Abyss, Bend Space, Banish, Corrupt, Enter the Abyss, Renounce
Religion


You were on level 11 of the Dungeon.
You worshipped Lugonu.
Lugonu was extremely pleased with you.
You were not hungry.

You visited 1 branch of the dungeon, and saw 12 of its levels.
You visited the Abyss 1 time.
You also visited: Labyrinth.

You collected 667 gold pieces.
You spent 378 gold pieces at shops.

Inventory:

Hand Weapons
 a - a +3 war axe of freezing (weapon)
 b - a +0 hand crossbow of freezing
 f - a +2 hand axe
 u - a +3 flail of protection
 w - a +0 flail
 A - a +0 war axe
 I - a +1 battleaxe of flaming
Missiles
 j - 169 bolts
Armour
 i - a +0 chain mail (worn)
 o - a +0 pair of gloves (worn)
 s - a scarf of spirit shield (worn)
 v - a +1 helmet (worn)
 D - a +0 leather armour
 K - a +0 plate armour
Jewellery
 k - an uncursed ring of magical power
 r - an uncursed ring of protection from magic
 x - a +5 ring of strength (right hand)
 C - a +3 ring of dexterity (left hand)
 E - an uncursed ring of positive energy
 G - an uncursed ring of see invisible
Wands
 q - a wand of polymorph (12/24)
 y - a wand of flame (15/48)
Scrolls
 e - 3 scrolls of enchant weapon
 h - 4 scrolls of magic mapping
 t - 3 scrolls of teleportation
 H - a scroll of remove curse
 N - a scroll of enchant armour
Potions
 d - 3 potions of curing
 g - 2 potions of flight
 n - 3 potions of ambrosia
 p - a potion of magic
 z - a potion of cancellation
 B - a potion of invisibility {unknown}
 J - a potion of berserk rage {unknown}
 M - a potion of experience {unknown}
Comestibles
 c - 9 bread rations
 l - 30 fruits
 m - 7 meat rations


   Skills:
 + Level 7.7 Fighting
 * Level 10.5 Axes
 * Level 7.2 Crossbows
 + Level 7.4 Armour
 + Level 7.2 Dodging
 + Level 8.1 Invocations
 + Level 5.9 Evocations


You had 11 spell levels left.
You didn't know any spells.

Dungeon Overview and Level Annotations

Branches:
Dungeon (12/15)            Temple (0/1) D:5            Lair (0/6) D:11
    Orc (0/2) D:12

Altars:
Cheibriados
Dithmenos
Fedhas
Makhleb
Okawaru
Qazlal
Ru
Sif Muna
Trog
Uskayaw
The Shining One

Shops:
D:4 [   D:5 *   D:8 ([*!*   D:12 (

Annotations:
D:6 Amciq's ghost, novice TrBe
D:10 exclusion: 2 doors
D:11 Snorg


Message History

You closely miss Snorg.
Snorg is moderately wounded.
Snorg bites you!! Snorg claws you! x2; Snorg bites you!
* * * LOW HITPOINT WARNING * * *
Snorg barely misses you. Snorg claws you!
* * * LOW HITPOINT WARNING * * *
Okay, then.
You feel much better. Snorg closely misses you. Snorg barely misses you.
Snorg misses you.
As you read the scroll of teleportation, it crumbles to dust.
You feel strangely unstable. Snorg bites you!
* * * LOW HITPOINT WARNING * * *
Snorg claws you but does no damage. Snorg misses you.
Snorg completely misses you. Snorg claws you!
* * * LOW HITPOINT WARNING * * *
Snorg barely misses you. The jackal closely misses you.
Things that are here:
a battleaxe; a plate armour Snorg bites you!
You die...

#.# #.#
#............#### #.#
#.# #..............P.
#.# #.#
#............P... #.#
#.# #............PPP.
#.# #.#
#.......PP....PPP #.#
#.# #.)........P....P
#.# #.#
#.....PP..P.PP... #.#
#.######Th......PPP...P.
#.#
#......@>..##.P.......P.
#.#
#.#######..##...P....P.>
#.# #.# #..##.P..P.P.PP.
#.########.#
#..##.......P.PP
#..........#
#..###.P..P.....
#..........# #..#
#...)...PP. #..######..#
#..# #.#.......P #..#
#..# #..# #.##).....P
#..# #..# #..#
#..)...(..P


You could see Snorg (berserk) and a jackal.

Vanquished Creatures
  A centaur warrior (D:12)
  4 two-headed ogres
  2 unseen horrors
  An ugly thing (D:11)
  2 cyclopes
  A troll (D:12)
  Grinder (D:4)
  6 slime creatures
  4 hippogriffs
  3 wraiths
  4 yaks (D:11)
  A fire bat (D:4)
  2 steam dragons
  Edmund (D:6)
  A porcupine (D:11)
  A water moccasin (D:10)
  5 orc warriors
  5 black bears
  3 ice beasts
  3 phantoms
  2 sky beasts
  6 ogres
  3 centaurs
  4 crocodiles
  7 big kobolds
  7 bullfrogs
  8 scorpions
  A wyvern skeleton (D:11)
  9 killer bees
  A wight (D:8)
  6 crimson imps
  2 bullfrog zombies (D:8)
  2 centaur zombies
  5 hounds
  A quasit (D:5)
  2 jellies
  2 bullfrog skeletons (D:10)
  5 orc priests
  Crazy Yiuf (D:7)
  10 orc wizards
  4 iguanas
  Natasha (twice) (D:4)
  13 worker ants
  A killer bee zombie (D:7)
  A hound skeleton (D:4)
  A hound zombie (D:10)
  A howler monkey zombie (D:9)
  3 gnolls
  13 adders
  2 shadow imps
  An adder zombie (D:8)
  3 adder skeletons
  6 worms
  5 dart slugs
  7 leopard geckos
  25 orcs
  6 giant cockroaches
  5 goblins
  5 hobgoblins
  14 jackals
  27 kobolds
  7 quokkas
  A ball python (D:4)
  2 bats
  6 frilled lizards
  6 rats
  6 fungi (D:11)
  5 plants (D:11)
313 creatures vanquished.

Vanquished Creatures (others)
  A minotaur (Lab)
  A hornet (D:8)
  An ogre (D:8)
  16 fungi (D:11)
  A plant (D:11)
20 creatures vanquished.

Grand Total: 333 creatures vanquished

Notes
Turn   | Place    | Note
-------+----------+-------------------------------------------
     0 | Abyss:1  | AlphabetPasta the Human Abyssal Knight began the quest for the Orb.
     0 | Abyss:1  | Reached XP level 1. HP: 18/18 MP: 2/2
    75 | Abyss:1  | Noticed a large abomination
    76 | D:1      | Escaped the Abyss
   189 | D:1      | Found a snail-covered altar of Cheibriados.
   413 | D:1      | Reached XP level 2. HP: 18/24 MP: 3/3
   794 | D:1      | Reached * piety under Lugonu
   794 | D:1      | Reached XP level 3. HP: 25/29 MP: 4/4
   974 | D:2      | Reached XP level 4. HP: 13/35 MP: 5/5
  1275 | D:2      | Reached skill level 3 in Axes
  1613 | D:2      | Reached XP level 5. HP: 31/41 MP: 6/6
  1704 | D:3      | Reached ** piety under Lugonu
  2566 | D:4      | Reached skill level 4 in Axes
  2586 | D:4      | Found Ytateduemu's Antique Armour Shoppe.
  2610 | D:4      | Reached XP level 6. HP: 33/47 MP: 8/8
  2878 | D:4      | Bought a glowing scarf for 152 gold pieces
  3232 | D:4      | Noticed Natasha
  3244 | D:4      | Killed Natasha
  3244 | D:4      | Reached XP level 7. HP: 53/53 MP: 9/9
  3270 | D:4      | Noticed Grinder
  3289 | D:4      | Noticed Natasha
  3303 | D:4      | Paralysed by Grinder for 3 turns
  3310 | D:4      | Killed Natasha
  3311 | D:4      | Paralysed by Grinder for 4 turns
  3319 | D:4      | Killed Grinder
  3319 | D:4      | Reached skill level 5 in Axes
  3344 | D:4      | Noticed Natasha
  3349 | D:4      | Noticed Natasha
  3349 | D:4      | Natasha changed into Natasha the fire bat
  3384 | D:4      | Killed Natasha the fire bat
  3384 | D:4      | Reached XP level 8. HP: 13/61 MP: 1/10
  3947 | D:5      | Entered Level 5 of the Dungeon
  4255 | D:4      | Reached skill level 6 in Axes
  4373 | D:5      | Found Woem's General Store.
  4507 | D:5      | Reached skill level 1 in Evocations
  4525 | D:5      | Reached *** piety under Lugonu
  4688 | D:5      | Found a stormy altar of Qazlal.
  4810 | D:5      | Found a staircase to the Ecumenical Temple.
  4824 | D:5      | Found a shadowy altar of Dithmenos.
  5265 | D:5      | Reached skill level 5 in Fighting
  5265 | D:5      | Reached XP level 9. HP: 37/68 MP: 6/12
  5528 | D:5      | Reached skill level 5 in Invocations
  6100 | D:6      | Found a deep blue altar of Sif Muna.
  6163 | D:6      | Reached skill level 5 in Armour
  6301 | D:6      | Found a hide-covered altar of Uskayaw.
  6351 | D:6      | Noticed Edmund
  6392 | D:6      | Killed Edmund
  6392 | D:6      | Reached skill level 7 in Axes
  6677 | D:6      | Noticed Amciq's ghost (novice TrBe)
  6934 | D:6      | Found an iron altar of Okawaru.
  7061 | D:6      | Found a blossoming altar of Fedhas.
  7105 | D:6      | Found a burning altar of Makhleb.
  7793 | D:7      | Reached **** piety under Lugonu
  7800 | D:7      | Noticed a hippogriff
  7812 | D:7      | Killed a hippogriff
  7847 | D:7      | Reached skill level 1 in Crossbows
  8006 | D:7      | Noticed a two-headed ogre
  8023 | D:7      | Killed a two-headed ogre
  8023 | D:7      | Reached skill level 8 in Axes
  8023 | D:7      | Reached skill level 5 in Dodging
  8023 | D:7      | Reached XP level 10. HP: 19/76 MP: 2/14
  8494 | D:7      | Found a glowing golden altar of the Shining One.
  8794 | D:7      | Found a runed door.
  8798 | D:7      | Noticed Crazy Yiuf
  8803 | D:7      | Killed Crazy Yiuf
  9053 | D:8      | Found Tiottako's Assorted Antiques.
  9061 | D:8      | Bought a scroll labeled ANEIWEU AMUDU for 19 gold pieces
  9061 | D:8      | Bought a scroll of identify for 38 gold pieces
  9098 | D:8      | Found Qier's Armour Shoppe.
  9107 | D:8      | Paralysed by a hornet for 2 turns
  9335 | D:8      | Found a snail-covered altar of Cheibriados.
  9684 | D:8      | Found Geuf's Distillery.
  9686 | D:8      | Found Xuproukk's Assorted Antiques.
  9707 | D:8      | Bought a scroll labeled ILUDGH CABI for 28 gold pieces
  9707 | D:8      | Bought a scroll labeled CAPONO REFU LIO for 28 gold pieces
  9707 | D:8      | Bought a blue potion for 25 gold pieces
  9723 | D:8      | Bought a potion of heal wounds for 55 gold pieces
  9723 | D:8      | Bought a potion of curing for 33 gold pieces
  9980 | D:8      | Found Norphuem's Antique Weapon Emporium.
 10303 | D:8      | Noticed a two-headed ogre
 10315 | D:8      | Killed a two-headed ogre
 10315 | D:8      | Reached XP level 11. HP: 29/83 MP: 2/15
 10563 | D:8      | Found a bloodstained altar of Trog.
 11401 | D:10     | Entered Level 10 of the Dungeon
 11497 | D:10     | Noticed a cyclops
 11503 | D:10     | Killed a cyclops
 11734 | D:10     | Noticed an unseen horror
 11737 | D:10     | Killed an unseen horror
 11737 | D:10     | Reached skill level 9 in Axes
 11737 | D:10     | Reached skill level 5 in Crossbows
 11852 | D:10     | Noticed a two-headed ogre
 11858 | D:10     | Killed a two-headed ogre
 12426 | D:10     | Reached ***** piety under Lugonu
 12653 | D:11     | Found a labyrinth entrance.
 12662 | Lab      | Entered a labyrinth
 13066 | Lab      | Noticed a minotaur
 13106 | Lab      | Banished a minotaur
 13106 | Lab      | Reached skill level 5 in Evocations
 13406 | D:11     | Found a staircase to the Lair.
 13732 | D:11     | Noticed a red ugly thing
 13742 | D:11     | Killed a red ugly thing
 13742 | D:11     | Reached XP level 12. HP: 42/91 MP: 10/17
 13936 | D:11     | Noticed an unseen horror
 13946 | D:11     | Killed an unseen horror
 13953 | D:11     | Found a sacrificial altar of Ru.
 14276 | D:11     | Found a shadowy altar of Dithmenos.
 14340 | D:11     | Reached skill level 10 in Axes
 14545 | D:12     | Noticed a centaur warrior
 14552 | D:12     | HP: 4/91 [bullfrog (2)]
 14557 | D:12     | Killed a centaur warrior
 14557 | D:12     | HP: 2/91 [bullfrog (6)]
 14985 | D:12     | Noticed a two-headed ogre
 14996 | D:12     | Killed a two-headed ogre
 15773 | D:12     | Found Noklapte's Antique Weapon Shop.
 15820 | D:12     | Found a staircase to the Orcish Mines.
 15891 | D:11     | Noticed Snorg
 16125 | D:11     | Slain by Snorg

Vault maps used:
D:1:      minmay_arrival_cross, cheibriados_altar_1
D:2:      first_bread, serial_glass, glass_columns_a, glass_columns_a,
          glass_columns_a, glass_columns_c
D:4:      serial_shops, nicolae_shop_crystal, grunt_decor_mini_mirrors,
          uniq_grinder, uniq_natasha
D:5:      nicolae_qazlal_general_emergency, temple_doors_e, serial_shops,
          nicolae_shop_waterfront, grunt_dithmenos_smoke
D:6:      kennysheep_mini_moat, lemuel_doored_altar,
          eat_drink_and_be_merry_uskayaw, fedhas_altar_fruit_tree, basic_altar,
          uniq_edmund
D:7:      basic_altar, uniq_crazy_yiuf_cottage
D:8:      marbit_many_paths, overflow_temple_1_default, serial_shops, shop,
          shop, shop, shop, shop
D:10:     blue_anna_alchemist
D:11:     due_lair_maze_entry_diamond, basic_altar, lab_entry_generic,
          nicolae_ru_path_of_blood, uniq_snorg
D:12:     kennysheep_orc_monster_closet_entryway, serial_shops, shop,
          minmay_hidden_floor
Abyss:1:  evilmike_abyss_exit_7
Lab:      labyrinth_spiral, nicolae_lab_checkerboard

Skill      XL: |  1  2  3  4  5  6  7  8  9 10 11 12 |
---------------+-------------------------------------+-----
Axes           | 3 4 5 6 8 9 10 | 10.5
Armour         | 3 4 5 6 7 |  7.4
Invocations    | 3 4 6 7 8 |  8.1
Dodging        | 2 3 5 6 7 |  7.2
Fighting       | 4 5 6 7 |  7.7
Evocations     | 1 3 4 5 |  5.9
Crossbows      | 2 4 6 7 |  7.2

Action                   |  1- 3 |  4- 6 |  7- 9 | 10-12 || total
-------------------------+-------+-------+-------+-------++-------
Melee: Hand axe          |    89 |   246 |   319 |   229 ||   883
       War axe           |       |       |   264 |   471 ||   735
 Fire: Hand crossbow     |       |       |     5 |    15 ||    20
Invok: Depart the Abyss  |     1 |       |       |       ||     1
       Bend Space        |       |       |     1 |       ||     1
       Banish            |       |       |       |     4 ||     4
Evoke: Wand              |       |       |     2 |     2 ||     4
  Use: Potion            |     1 |     2 |     9 |    10 ||    22
       Scroll            |     3 |     6 |     8 |    17 ||    34
  Eat: Chunk             |       |     8 |    12 |    17 ||    37
       Royal jelly       |       |       |     2 |     1 ||     3
       Fruit             |       |       |       |    10 ||    10
Armor: Chain mail        |    48 |   162 |   377 |   374 ||   961
Dodge: Dodged            |    18 |    75 |   262 |   408 ||   763
